 Dungeon Crawl Stone Soup version 0.20.0-15-g7f486f2 (webtiles) character file.

327 vishdafish the Charmwright (level 6, -14/51 HPs)
             Began as a Draconian Skald on June 29, 2017.
             Was an Initiate of Okawaru.
             Demolished by an ogre
             ... wielding a +0 giant spiked club
              (36 damage)
             ... on level 4 of the Dungeon.
             The game lasted 00:09:09 (4155 turns).

vishdafish the Charmwright (Draconian Skald)        Turns: 4155, Time: 00:09:10

Health: -14/51     AC:  7    Str: 13    XL:     6   Next: 24%
Magic:  10/11      EV: 13    Int: 16    God:    Okawaru [......]
Gold:   130        SH:  0    Dex: 10    Spells: 10/11 levels left

rFire    . . .     SeeInvis .   a - +1 spear
rCold    . . .     Gourm    .   (no shield)
rNeg     . . .     Faith    .   (armour unavailable)
rPois    +         Spirit   .   (helmet restricted)
rElec    .         Reflect  .   y - +0 cloak
rCorr    .         Harm     .   (no gloves)
MR       .....                  (no boots)
Stlth    +.........             j - amulet of magic regeneration
Regen    0.2/turn               h - ring of poison resistance
MPRegen  0.2/turn               (no ring)

@: lethally poisoned (-14 -> -18), infused
A: unfitting armour, cold-blooded, AC +6
a: Renounce Religion


You were on level 4 of the Dungeon.
You worshipped Okawaru.
Okawaru was noncommittal.
You were not hungry.

You visited 1 branch of the dungeon, and saw 4 of its levels.

You collected 130 gold pieces.

Inventory:

Hand Weapons
 a - a +1 spear (weapon)
Missiles
 g - 154 stones (quivered)
Armour
 y - a +0 cloak (worn)
Jewellery
 h - a ring of poison resistance (left hand)
 j - an amulet of magic regeneration (around neck)
Wands
 x - a wand of random effects (23/48)
Scrolls
 d - 3 scrolls of amnesia
 e - a scroll of fear {unknown}
 f - a scroll of teleportation {unknown}
 n - a scroll of blinking {unknown}
 o - a scroll of random uselessness {unknown}
 t - a scroll of magic mapping {unknown}
Potions
 i - a potion of haste {unknown}
 l - a potion of agility
 m - 2 potions of curing
 u - a potion of cancellation {unknown}
 v - a potion of brilliance {unknown}
 w - a potion of mutation {unknown}
Books
 b - a book of Battle

   Spells                             Type                      Level
   a - Infusion                       Charms                       1
   b - Shroud of Golubria             Charms/Translocation         2
   c - Song of Slaying                Charms                       2
   d - Spectral Weapon                Hexes/Charms                 3
   e - Regeneration                   Charms/Necromancy            3
 p - a book of Cantrips

   Spells                             Type                      Level
   a - Confusing Touch                Hexes                        1
   b - Animate Skeleton               Necromancy                   1
   c - Summon Small Mammal            Summoning                    1
   d - Apportation                    Translocation                1
Comestibles
 c - 2 bread rations
 r - a royal jelly


   Skills:
 + Level 3.3 Fighting
 + Level 3.1 Polearms
 + Level 3.2 Dodging
 * Level 3.4 Spellcasting
 * Level 4.1 Charms


You had 10 spell levels left.
You knew the following spells:

 Your Spells              Type           Power        Failure   Level  Hunger
a - Infusion              Chrm           ###.         3%          1    None


Dungeon Overview and Level Annotations

Branches:
Dungeon (4/15)
 Temple: D:4-7

Altars:
Fedhas
Gozag
Nemelex Xobeh
Okawaru
Ru
Sif Muna
Uskayaw
Vehumet


Innate Abilities, Weirdness & Mutations

Your plain brown scales are hard. (AC +6)
You cannot fit into any form of body armour.
You are cold-blooded and may be slowed by cold attacks.


Message History

The worker ant bites you but does no damage.
The worker ant bites you but does no damage.
The worker ant closely misses you. The worker ant barely misses you.
You feel much better. The worker ant bites you.
You are poisoned.
The worker ant poisons you!
Casting: Infusion
Confirm with . or Enter, or press ? or * to list all spells.
You begin infusing your attacks with magical energy.
You feel sick. The worker ant barely misses you.
You hit the worker ant.
The worker ant is moderately wounded.
You feel sick. The worker ant bites you.
You closely miss the worker ant.
The worker ant is moderately wounded.
The worker ant closely misses you.
The ogre hits you with a giant spiked club!!!
Ouch! That really hurt!
You die...

. .# #.#
# #.. #.
... #.#
#.#
#..###.#
#..@#
##Oa#
#..# #..#
##.###..#
#.......#
##.####.#
#.# #.#


You could see an ogre and a worker ant.

Vanquished Creatures
  The ghost of vishdafish the Charmwright, an amateur DrSk (D:3)
  Crazy Yiuf (D:3)
  An orc wizard (D:3)
  Natasha (D:2)
  Robin (D:3)
  2 gnolls (D:3)
  6 adders
  2 dart slugs
  2 leopard geckos
  6 orcs (D:3)
  A ball python (D:3)
  A bat (D:1)
  2 giant cockroaches
  18 goblins
  8 hobgoblins
  5 kobolds
  3 quokkas
  2 frilled lizards
  5 rats
68 creatures vanquished.

Notes
Turn   | Place    | Note
-------+----------+-------------------------------------------
     0 | D:1      | vishdafish the Draconian Skald began the quest for the Orb.
     0 | D:1      | Reached XP level 1. HP: 17/17 MP: 3/3
   123 | D:1      | Reached skill level 3 in Charms
   130 | D:1      | Reached XP level 2. HP: 17/24 MP: 1/5
  1066 | D:2      | Reached XP level 3. HP: 30/30 MP: 6/6
  1467 | D:2      | Found a sparkling altar of Nemelex Xobeh.
  1468 | D:2      | Found an opulent altar of Gozag.
  1502 | D:2      | Found a deep blue altar of Sif Muna.
  1504 | D:2      | Found a sacrificial altar of Ru.
  1507 | D:2      | Found a radiant altar of Vehumet.
  1515 | D:2      | Found a blossoming altar of Fedhas.
  1815 | D:2      | Became a worshipper of Ru the Awakened
  1865 | D:3      | Reached XP level 4. HP: 36/37 MP: 7/7
  1883 | D:3      | Noticed Robin
  1890 | D:3      | Noticed Natasha
  1903 | D:3      | Noticed vishdafish's ghost (amateur DrSk)
  2229 | D:2      | Killed Natasha
  2743 | D:3      | Reached XP level 5. HP: 24/44 MP: 9/9
  2840 | D:3      | Killed Robin
  3351 | D:3      | Found a hide-covered altar of Uskayaw.
  3444 | D:3      | Found an iron altar of Okawaru.
  3615 | D:3      | Found a runed door.
  3620 | D:3      | Noticed Crazy Yiuf
  3631 | D:3      | Killed Crazy Yiuf
  3958 | D:3      | Killed vishdafish's ghost
  3958 | D:3      | Reached skill level 4 in Charms
  3958 | D:3      | Reached XP level 6. HP: 51/51 MP: 4/11
  4062 | D:3      | Fell from the grace of Ru
  4062 | D:3      | Became a worshipper of Warmaster Okawaru
  4155 | D:4      | Demolished by an ogre

Skill      XL: |  1  2  3  4  5 |
---------------+----------------+-----
Charms         | 3 4 |  4.1
Spellcasting   | 3 |  3.4
Dodging        | 3 |  3.2
Fighting       | 3 |  3.3
Polearms       | 3 |  3.1

Action                   |  1- 3 |  4- 6 || total
-------------------------+-------+-------++-------
Melee: Spear             |   132 |   204 ||   336
       Tailslap          |    11 |    19 ||    30
 Cast: Infusion          |     2 |    10 ||    12
  Use: Scroll            |       |     6 ||     6
       Potion            |       |     3 ||     3
 Stab: Sleeping          |     1 |       ||     1
  Eat: Bread ration      |     1 |       ||     1
       Chunk             |       |     5 ||     5
       Meat ration       |       |     1 ||     1
Armor: Skin              |    22 |    48 ||    70
Dodge: Dodged            |    85 |   126 ||   211
